 Dungeon Crawl Stone Soup version 0.20-a0-266-gdedccd6 (webtiles) character file.

19 FrankyJ the Covered (level 2, -5/27 HPs)
             Began as a Minotaur Fighter on Dec 5, 2016.
             Slain by Natasha (9 damage)
             ... on level 1 of the Dungeon.
             The game lasted 00:03:04 (1151 turns).

FrankyJ the Covered (Minotaur Fighter)              Turns: 1151, Time: 00:03:04

Health: -5/27      AC:  6    Str: 20    XL:     2   Next: 55%
Magic:  1/1        EV: 17    Int:  5    God:
Gold:   31         SH:  0    Dex:  9    Spells: 1/1 levels left

rFire  + + .     SeeInvis .     (weapon currently unavailable)
rCold  + + .     Gourm    .     (armour currently unavailable)
rNeg   + + +     Faith    .     (shield currently unavailable)
rPois  ∞         Spirit   .     (helmet currently unavailable)
rElec  +         Reflect  .     (cloak currently unavailable)
rCorr  +         Harm     .     (gloves currently unavailable)
MR     .....                    (boots currently unavailable)
Stlth  +.........               (amulet currently unavailable)
                                (ring currently unavailable)
                                (ring currently unavailable)

@: wisp-form, flying, quick
A: (retaliatory headbutt), (horns 0)
a: no special abilities


You were on level 1 of the Dungeon.
You were hungry.
You were an insubstantial wisp.
You visited 1 branch of the dungeon, and saw 2 of its levels.

You collected 31 gold pieces.

Inventory:

Hand Weapons
 a - a +0 trident (melded)
Armour
 b - a +0 scale mail (melded)
 c - a +0 shield (melded)
Jewellery
 i - an uncursed ring of stealth {unknown}
Scrolls
 e - a scroll of fear {unknown}
 h - 3 scrolls of enchant armour {unknown}
 j - a scroll of teleportation {unknown}
 k - a scroll of magic mapping {unknown}
 l - a scroll of remove curse {unknown}
 m - a scroll of blinking {unknown}
 n - a scroll of noise {unknown}
Potions
 d - a potion of might
 g - a potion of cure mutation {unknown}
 p - a potion of heal wounds {unknown}
Comestibles
 f - a bread ration


   Skills:
 + Level 4.0 Fighting
 + Level 2.6 Polearms
 + Level 4.2 Armour
 + Level 3.7 Shields


You had one spell level left.
You didn't know any spells.

Dungeon Overview and Level Annotations

Branches:
Dungeon (2/15)

Altars:

Annotations:
D:1 Natasha


Innate Abilities, Weirdness & Mutations

((You reflexively headbutt those who attack you in melee.))
((You have a pair of horns on your head.))


Message History

The white imp gestures at you. The puff of frost hits you! You resist.
* * * LOW HITPOINT WARNING * * *
You touch Natasha.
Natasha is moderately wounded.
Natasha stares at you and mumbles some strange words.
You resist with significant effort.
You touch Natasha.
Natasha is severely wounded.
The white imp gestures at you. The puff of frost misses you.
Natasha zaps a wand.
You resist with significant effort.
You miss Natasha.
Natasha is severely wounded.
The white imp misses you. Natasha claws you.
* * * LOW HITPOINT WARNING * * *
You barely miss Natasha.
Natasha is severely wounded.
The white imp closely misses you. Natasha claws you!
You die...

####.# ##...## #...# #.#
##.....## ###...# ##.##
##.......## ##.#.#.#
#####...####.........####....#.##
...........'.....>...'.).........
#####...####.........####...##.##
##(## ##.......## ##.###.# #.#
##..h5.## ### #.# #####.#####
##.v.## #.# #.........# ##'##
#######.## #.###.###.# #.#
#......... #.# #.###.## #.#
#.###.#.#. #.# #.##...####.## #.#
#...#. #.# #....#.......## #.#
#.###. #.# ##.#...##.....# #.#
#..... #.# #.##.###....###
#.###.###.
#.####.##..........####..>......


You could see Natasha and a white imp.

Vanquished Creatures
  A worm (D:2)
  A dart slug (D:1)
  A bat (D:1)
  2 giant cockroaches (D:1)
  2 hobgoblins (D:1)
  A kobold (D:1)
  2 frilled lizards (D:1)
  3 goblins (D:1)
13 creatures vanquished.

Notes
Turn   | Place    | Note
-------+----------+-------------------------------------------
     0 | D:1      | FrankyJ the Minotaur Fighter began the quest for the Orb.
     0 | D:1      | Reached XP level 1. HP: 19/19 MP: 0/0
   446 | D:1      | Reached XP level 2. HP: 27/27 MP: 1/1
   993 | D:2      | Noticed Natasha
  1129 | D:2      | Noticed a crimson imp
  1151 | D:1      | Slain by Natasha

Vault maps used:
D:1:      minmay_arrival_nine_rooms
D:2:      overflow_temple_1_default, yredelemnul_altar_generic,
          hangedman_decor_riveting, uniq_natasha

Skill      XL: |  1  2 |
---------------+-------+-----
Armour         | 4 |  4.2
Fighting       | 4 |  4.0
Polearms       | |  2.6
Shields        | |  3.7

Action                   || total
-------------------------++-------
Melee: Trident           ||    36
       Unarmed           ||     6
       Headbutt          ||     1
Armor: Scale mail        ||    14
Dodge: Dodged            ||    13
Block: Shield            ||     8
